 Dungeon Crawl Stone Soup version 0.17.0-25-gefc9c12 (webtiles) character file.

330 Medar the Magician (level 6, -4/36 HPs)
             Began as an Octopode Wizard on Nov 18, 2015.
             Killed by divine providence
             ... invoked by an orc priest
              (12 damage)
             ... on level 4 of the Dungeon.
             The game lasted 00:17:29 (5731 turns).

Medar the Magician (Octopode Wizard)                Turns: 5731, Time: 00:17:29

Health: -4/36      AC:  4    Str:  6    XL:     6   Next: 51%
Magic:  0/13       EV: 12    Int: 23    God:
Gold:   136        SH:  2    Dex: 10    Spells: 6 memorised, 1 level left

rFire  . . .     SeeInvis .     t - -3 falchion (curse)
rCold  . . .     Clarity  .     (no shield)
rNeg   . . .     SustAt   .     m - +1 hat
rPois  .         Gourm    .     (no amulet)
rElec  .         Spirit   .     (no ring)
rCorr  .         Warding  .     (no ring)
rMut   .         Stasis   .     (no ring)
MR     .....                    (no ring)
Stlth  +++.......               (no ring)
                                (no ring)
                                (no ring)
                                (no ring)

@: repel missiles, not resistant to hostile enchantments, fairly stealthy
A: almost no armour, amphibious, 8 rings, constrict 8, large bone plates 1,
camouflage 1, gelatinous body 1
a: no special abilities


You were on level 4 of the Dungeon.
You were not hungry.

You visited 2 branches of the dungeon, and saw 5 of its levels.

You collected 136 gold pieces.

Inventory:

Hand Weapons
 a - a +0 whip
 t - a cursed -3 falchion (weapon)
Missiles
 h - 3 tomahawks (quivered)
Armour
 e - a +0 shield
 m - a +1 hat (worn)
Wands
 p - a wand of teleportation (0)
Scrolls
 d - a scroll of fog {unknown}
 i - a scroll of amnesia {unknown}
 k - a scroll of magic mapping {unknown}
 q - 2 scrolls of remove curse {@r1}
 u - a scroll of immolation {unknown}
 x - a scroll of blinking {unknown}
Potions
 f - a potion of cancellation {unknown}
 n - 2 potions of lignification
 o - a potion of curing {unknown}
 r - a potion of flight
 s - a potion of might {unknown}
Books
 b - a book of Minor Magic

   Spells                             Type                      Level
   a - Magic Dart                     Conjuration                  1
   b - Blink                          Translocation                2
   c - Call Imp                       Summoning                    2
   d - Repel Missiles                 Charms/Air                   2
   e - Slow                           Hexes                        2
   f - Conjure Flame                  Conjuration/Fire             3
   g - Mephitic Cloud                 Conjuration/Poison/Air       3
Comestibles
 c - 5 bread rations {@e1}
 g - 2 meat rations {@e2}
 j - 2 slices of pizza
 l - a chunk of flesh


   Skills:
 - Level 2.0 Dodging
 - Level 2.6 Stealth
 + Level 4.9 Spellcasting
 - Level 4.0 Conjurations
 - Level 1.0 Charms
 - Level 1.0 Summonings
 - Level 1.0 Translocations
 - Level 2.0 Air Magic


You had one spell level left.
You knew the following spells:

 Your Spells              Type           Power        Failure   Level  Hunger
d - Call Imp              Summ           ##......     12%         2    None
f - Mephitic Cloud        Conj/Pois/Air  ##......     14%         3    ##.....
r - Repel Missiles        Chrm/Air       ##....       10%         2    None
s - Conjure Flame         Conj/Fire      ##......     14%         3    ##.....
w - Blink                 Tloc           N/A          12%         2    None
x - Magic Dart            Conj           ###.         1%          1    None


Dungeon Overview and Level Annotations

Branches:
Dungeon (4/15)             Temple (1/1) D:4

Altars:
Cheibriados
Dithmenos
Makhleb
Nemelex Xobeh
Okawaru
Ru
Xom
Yredelemnul

Annotations:
D:2 Sigmund
D:4 Grinder; herpmino's ghost, amateur OpEE


Innate Abilities, Weirdness & Mutations

You cannot wear most types of armour.
You are amphibious.
You can wear up to eight rings at the same time.
You can use your tentacles to constrict eight enemies at once.
Your skin changes colour to match your surroundings (Stealth).
Your rubbery body absorbs attacks (AC +1).
You are partially covered in large bone plates (AC +2, SH +2).


Message History

The orc priest mumbles some strange prayers to Beogh against you.
Something smites you!
Drink which item? (? for menu, Esc to quit)
Okay, then.
Casting: Magic Dart
Confirm with . or Enter, or press ? or * to list all spells.
Aiming: Magic Dart
Press: ? - help, Shift-Dir - straight line, f/p - orc priest
Aim: an orc priest, wielding a mace and wearing a chain mail (severely wounded, constricted by you, poisoned)
The magic dart hits the orc priest.
The orc priest is severely wounded.
You constrict the orc priest. The orc priest hits you with a mace!
* * * LOW HITPOINT WARNING * * *
Drink which item? (? for menu, Esc to quit)
It was a potion of beneficial mutation.
Large bone plates grow over parts of your tentacles.
You feel fantastic!
You constrict the orc priest.
The orc priest calls down the wrath of Beogh upon you.
Something smites you!
You die...

#o #........####.#.#. ..
#..####....#.#.#.# a##
#..#..#....##.#.#. ).
#.....#....#.#.#.#
........##.##....##.#.#.
...########)##....#######
# #.....##.#...### #..
#.#.#....#[#.#########.#
.......@o†.#.# #....$..
####.##..#.#.####.######
#.....<....#........####
#.##.######.....#.#.....
# #............######
#.####.......#
#(##.#.......#
#....#.......#
####.#.......#


You could see an orc priest.

Vanquished Creatures
  A scorpion (D:4)
  The ghost of Gravenous the Chiller, a weakling HEIE (D:3)
  A worker ant (D:4)
  An orc wizard (D:3)
  A centaur skeleton (D:3)
  2 adders (D:2)
  5 worms
  A giant gecko (D:3)
  5 orcs
  2 ball pythons
  A giant cockroach (D:2)
  13 hobgoblins
  25 jackals
  6 kobolds
  4 bats
  A giant cockroach zombie (D:3)
  4 giant newts
  9 goblins
  8 rats
91 creatures vanquished.

Vanquished Creatures (collateral kills)
  A jelly (D:4)
  Robin (D:2)
  An adder (D:3)
  A worm (D:3)
4 creatures vanquished.

Grand Total: 95 creatures vanquished

Notes
Turn   | Place    | Note
--------------------------------------------------------------
     0 | D:1      | Medar the Octopode Wizard began the quest for the Orb.
     0 | D:1      | Reached XP level 1. HP: 11/11 MP: 4/4
   805 | D:1      | Reached XP level 2. HP: 17/17 MP: 0/6
  1052 | D:1      | Learned a level 2 spell: Blink
  1055 | D:1      | Learned a level 2 spell: Call Imp
  1058 | D:1      | Learned a level 2 spell: Repel Missiles
  1496 | D:2      | Reached XP level 3. HP: 21/21 MP: 3/7
  1711 | D:2      | Noticed Robin
  2015 | D:2      | Noticed Sigmund
  2324 | D:2      | Reached XP level 4. HP: 20/27 MP: 0/8
  2402 | D:2      | Found a shimmering altar of Xom.
  2603 | D:2      | Reached skill level 4 in Conjurations
  2759 | D:2      | Killed Robin
  3085 | D:2      | Reached skill level 1 in Charms
  3480 | D:3      | Noticed Gravenous's ghost (weakling HEIE)
  3494 | D:3      | Killed Gravenous's ghost
  3494 | D:3      | Reached XP level 5. HP: 31/31 MP: 2/9
  3583 | D:3      | Learned a level 3 spell: Mephitic Cloud
  4512 | D:4      | Noticed herpmino's ghost (amateur OpEE)
  4529 | D:3      | Reached XP level 6. HP: 34/36 MP: 3/12
  4534 | D:3      | Learned a level 3 spell: Conjure Flame
  4690 | D:4      | Found a sparkling altar of Nemelex Xobeh.
  4914 | D:4      | Found a staircase to the Ecumenical Temple.
  4929 | Temple   | Entered the Ecumenical Temple
  5303 | D:4      | Noticed an ogre
  5377 | D:4      | Noticed a phantom
  5457 | D:4      | Noticed Grinder
  5731 | D:4      | Gained mutation: You are partially covered in large bone plates (AC +2, SH +2). [potion of beneficial mutation]
  5731 | D:4      | Killed from afar by an orc priest

Action                   |  1- 3 |  4- 6 || total
-------------------------+-------+-------++-------
Melee: Unarmed           |     4 |       ||     4
       Whip              |     3 |       ||     3
       Falchion          |       |    55 ||    55
 Cast: Magic Dart        |   109 |   179 ||   288
       Repel Missiles    |     1 |       ||     1
       Call Imp          |     3 |     6 ||     9
       Mephitic Cloud    |       |     8 ||     8
       Blink             |       |     1 ||     1
Evoke: Wand              |       |     1 ||     1
  Use: Scroll            |     1 |     4 ||     5
       Potion            |       |     2 ||     2
 Stab: Confused          |       |     1 ||     1
  Eat: Chunk             |     4 |    11 ||    15
